 Dungeon Crawl Stone Soup version 0.31.0-9-g3a7656b989 (webtiles) character file.

Game seed: 12780669257607888443

302 LowPressure the Slasher (level 6, -3/46 HPs)
             Began as a Demonspawn Gladiator on Feb 2, 2024.
             Slain by a gnoll
             ... wielding a +0 halberd
              (13 damage)
             ... on level 3 of the Dungeon.
             The game lasted 00:07:23 (2927 turns).

LowPressure the Slasher (Demonspawn Gladiator)      Turns: 2927, Time: 00:07:24

Health: -3/46      AC:  9    Str: 14    XL:     6   Next: 14%
Magic:  6/6        EV: 12    Int: 15    God:
Gold:   121        SH:  0    Dex: 16    Spells: 5/5 levels left

rFire   + . .        a - +0 long sword
rCold   . . .        (no shield)
rNeg    . . .        k - +0 ring mail
rPois   .            c - +0 helmet
rElec   .            (no cloak)
rCorr   .            (no gloves)
SInv    .            (no boots)
Will    .....        s - amulet of magic regeneration
Stlth   +            i - +6 ring of intelligence
HPRegen 0.27/turn    n - ring of protection from fire
MPRegen 0.50/turn

%: no passive effects
@: no status effects
A: molten scales 2
a: no special abilities


You were on level 3 of the Dungeon.
You visited 1 branch of the dungeon, and saw 3 of its levels.

You collected 121 gold pieces.

Inventory:

Hand Weapons
 a - a +0 long sword (weapon)
Missiles
 d - 3 throwing nets (quivered)
 e - a javelin
Armour
 b - a +0 leather armour
 c - a +0 helmet (worn)
 k - a +0 ring mail (worn)
Jewellery
 i - a +6 ring of intelligence (left hand)
 n - a ring of protection from fire (right hand)
 s - an amulet of magic regeneration (around neck)
Wands
 u - a wand of charming (7)
Scrolls
 g - a scroll of blinking {unknown}
 h - a scroll of identify {unknown}
 j - 3 scrolls of amnesia {unknown}
 l - a scroll of fear {unknown}
 m - a scroll of enchant weapon {unknown}
 q - a scroll of torment {unknown}
Potions
 f - a potion of resistance {unknown}
 o - 2 potions of degeneration {unknown}
 p - 2 potions of heal wounds {unknown}
 r - a potion of lignification
 t - a potion of cancellation {unknown}


   Skills:
 + Level 2.8 Fighting
 + Level 4.5 Long Blades
 + Level 1.9 Throwing
 + Level 2.6 Armour
 + Level 3.4 Dodging
 + Level 0.8 Stealth


You had 5 spell levels left.
You didn't know any spells.
Your spell library contained the following spells:

 Spells                   Type           Power      Damage    Failure   Level
 Scorch                   Fire           0%         2d5       63%         2
 Dazzling Flash           Conj/Hex       0%         N/A       85%         3
 Volatile Blastmotes      Fire/Tloc      0%         2d10      85%         3
 Flame Wave               Conj/Fire      0%         2d4       99%         4
 Starburst                Conj/Fire      0%         6d3       100%        6
 Summon Cactus Giant      Summ           0%         N/A       100%        6
 Maxwell's Capacitive Co  Air            0%         ∞         100%        8


Dungeon Overview and Level Annotations

Branches:
Dungeon (3/15)

Altars:
Cheibriados
Kikubaaqudgha

Shops:
D:1 (

Annotations:
D:1 exclusion: 2 downstairs
D:3 2 transporters, 3 runed translucent doors, Kass's ghost, amateur OpAl


Innate Abilities, Weirdness & Mutations

You are mostly covered in molten scales. (AC +3)


Message History

The gnoll is severely wounded.
The gnoll hits you but does no damage. The gnoll barely misses you.
You slash the gnoll!
You kill the gnoll!
The gnoll barely misses you.
You barely miss the gnoll. The gnoll hits you but does no damage.
The gnoll barely misses you. The gnoll misses you.
You hit the gnoll.
The gnoll is moderately wounded.
The gnoll hits you but does no damage. The gnoll barely misses you.
You closely miss the gnoll.
The gnoll is moderately wounded.
The gnoll hits you from afar with a +0 halberd.
The gnoll hits you with a +0 flail.
The gnoll hits you from afar with a +0 halberd.
You hit the gnoll but do no damage.
The gnoll is moderately wounded.
The gnoll hits you with a +0 flail. The gnoll misses you.
You hit the gnoll.
The gnoll is severely wounded.
The gnoll barely misses you. x2
You hit the gnoll.
The gnoll is severely wounded.
The gnoll hits you with a +0 flail!
The gnoll hits you from afar with a +0 halberd.
The gnoll hits you with a +0 flail.
You closely miss the gnoll.
The gnoll is severely wounded.
The gnoll hits you but does no damage. The gnoll hits you with a +0 flail.
* * * LOW HITPOINT WARNING * * *
You hit the gnoll.
The gnoll is severely wounded.
The gnoll misses you. The gnoll barely misses you.
The gnoll closely misses you.
You barely miss the gnoll.
The gnoll is severely wounded.
The gnoll hits you with a +0 flail.
* * * LOW HITPOINT WARNING * * *
The gnoll hits you from afar with a +0 halberd!
You die...

#.........# #.........########
### #.†...............
..###############...##...........
......................#..........
..##### ####..#.................
..########..........###..........
.................................
..##..##....####@######..........
.....###.#.## #g# #.)........
#######....# ###g# #.......... #
#.#.## #.go# ###########
#...####.### >.####....#
.......o...# ..........##
......#)##


You could see 3 gnolls and an orc.

Vanquished Creatures
  A bombardier beetle (D:3)
  Ijyb (D:3)
  16 gnolls
  3 adders
  2 dart slugs (D:3)
  A ribbon worm (D:2)
  An orc (D:3)
  5 ball pythons
  6 bats
  4 endoplasms
  3 giant cockroaches
  4 goblins
  6 hobgoblins
  4 jackals (D:1)
  4 kobolds (D:1)
  A quokka (D:3)
  5 frilled lizards
  4 rats
71 creatures vanquished.

Notes
Turn   | Place    | Note
-------+----------+-------------------------------------------
     0 | D:1      | LowPressure the Demonspawn Gladiator began the quest for
                  | the Orb.
     0 | D:1      | Reached XP level 1. HP: 16/16 MP: 1/1
    51 | D:1      | Found Iwutt's Weapon Shop.
   244 | D:1      | Gained mutation: You are partially covered in molten
                  | scales. (AC +2) [demonic ancestry]
   244 | D:1      | Reached XP level 2. HP: 22/22 MP: 2/2
   326 | D:1      | Found a faded altar of an unknown god.
   583 | D:1      | Reached skill level 3 in Long Blades
   632 | D:1      | Reached XP level 3. HP: 24/28 MP: 3/3
  1325 | D:1      | Reached skill level 1 in Armour
  1380 | D:1      | Reached XP level 4. HP: 31/34 MP: 4/4
  2196 | D:3      | Reached skill level 4 in Long Blades
  2196 | D:3      | Gained mutation: You are mostly covered in molten scales.
                  | (AC +3) [demonic ancestry]
  2196 | D:3      | Reached XP level 5. HP: 18/39 MP: 5/5
  2377 | D:3      | Found a snail-covered altar of Cheibriados.
  2381 | D:3      | Found a transporter.
  2413 | D:3      | Found a transporter.
  2711 | D:3      | Found a runed translucent gate.
  2711 | D:3      | Found a runed translucent gate.
  2711 | D:3      | Found a runed translucent gate.
  2713 | D:3      | Noticed Kass's ghost (amateur OpAl)
  2717 | D:3      | Found an ancient bone altar of Kikubaaqudgha.
  2803 | D:3      | Reached XP level 6. HP: 46/46 MP: 6/6
  2812 | D:3      | Noticed Ijyb
  2843 | D:3      | Killed Ijyb
  2927 | D:3      | Slain by a gnoll

Illustrated notes

Levels and vault maps discovered:
D:1:      psy_arrival_conway, layout_loops_cross, serial_shops, shop,
          hellmonk_ecumenical_altar_prayer_group, nrook_mini_vaults
D:2:      layout_rooms
D:3:      layout_rooms, mainiacjoe_overflow_cross_hatched,
          gammafunk_temple_overflow_arena, gammafunk_ghost_nasty_kobolds,
          st_stairs_14, uniq_ijyb

Skill      XL: |  1  2  3  4  5 |
---------------+----------------+-----
Long Blades    | 3 4 |  4.5
Dodging        | 3 |  3.4
Armour         | 1 2 |  2.6
Fighting       | |  2.8
Throwing       | |  1.9
Stealth        | |  0.8

Action                     |  1- 3 |  4- 6 || total
---------------------------+-------+-------++-------
  Melee: Long sword        |   105 |   165 ||   270
         Punch             |       |     2 ||     2
    Use: Potion            |     1 |       ||     1
   Stab: Sleeping          |     2 |       ||     2
 Armour: Leather armour    |    57 |       ||    57
         Ring mail         |    31 |   151 ||   182
         Skin              |     7 |       ||     7
  Dodge: Dodged            |    95 |   152 ||   247
